 Dungeon Crawl Stone Soup version 0.18-a0-1784-ga939a68 (webtiles) character file.

2370 George the Shield-Bearer (level 9, -3/64 HPs)
             Began as a Formicid Fighter on Apr 18, 2016.
             Was a Believer of Okawaru.
             Slain by Joseph
             ... wielding a +5 quarterstaff of distortion
              (13 damage)
             ... on level 7 of the Dungeon.
             The game lasted 00:18:14 (7526 turns).

George the Shield-Bearer (Formicid Fighter)         Turns: 7526, Time: 00:18:14

Health: -3/64      AC: 15    Str: 23    XL:     9   Next: 72%
Magic:  10/12      EV: 15    Int:  8    God:    Okawaru [**....]
Gold:   297        SH: 13    Dex:  9    Spells: 0 memorised, 8 levels left

rFire  . . .     SeeInvis +     a - +1 long sword
rCold  . . .     Gourm    .     O - +1 chain mail {rPois}
rNeg   . . .     Faith    .     c - +0 shield
rPois  +         Spirit   .     (helmet unavailable)
rElec  .         Dismiss  .     (no cloak)
rCorr  .         Reflect  .     A - +0 pair of gloves
SustAt .         Harm     .     (no boots)
MR     .....                    (no amulet)
Stlth  ..........               E - ring of poison resistance
                                m - +3 ring of evasion

@: heroism, not resistant to hostile enchantments, extremely unstealthy
A: permanent stasis, dig shafts and tunnels, four strong arms, antennae 3,
repulsion field 1, molten scales 1, clumsy 1, frail 1
a: Dig, Shaft Self, Heroism, Renounce Religion


You were on level 7 of the Dungeon.
You worshipped Okawaru.
Okawaru was pleased with you.
You were not hungry.

You visited 2 branches of the dungeon, and saw 8 of its levels.
You visited the Abyss 1 time.

You collected 297 gold pieces.

Inventory:

Hand Weapons
 a - a +1 long sword (weapon)
Missiles
 t - 2 throwing nets (quivered)
Armour
 c - a +0 shield (worn)
 A - a +0 pair of gloves (worn)
 O - a +1 chain mail of poison resistance (worn)
Jewellery
 m - a +3 ring of evasion (left hand)
 E - a ring of poison resistance (right hand)
Wands
 H - a wand of iceblast (15/15)
Scrolls
 i - 2 scrolls of identify
 k - 5 scrolls of remove curse
 y - a scroll of immolation
Potions
 d - a potion of might
 l - a potion of resistance
 n - a potion of ambrosia
 p - a potion of heal wounds
 v - 2 potions of curing
 Q - a potion of flight
 R - a potion of magic
Comestibles
 f - 4 bread rations
 g - 2 slices of pizza
 h - a beef jerky
 q - 8 fruits


   Skills:
 + Level 7.1(12.1) Fighting
 + Level 6.1(11.1) Long Blades
 + Level 7.1(12.1) Armour
 + Level 7.9(12.9) Shields
 + Level 4.8 Invocations


You had 8 spell levels left.
You didn't know any spells.

Dungeon Overview and Level Annotations

Branches:
Dungeon (7/15)             Temple (1/1) D:4

Altars:
Cheibriados
Dithmenos
Elyvilon
Fedhas
Gozag
Kikubaaqudgha
Makhleb
Nemelex Xobeh
Okawaru
Qazlal
Ru
Sif Muna
Trog
Vehumet
Xom

Shops:
D:4 *   D:5 *?![

Annotations:
D:7 Joseph


Innate Abilities, Weirdness & Mutations

You are under a permanent stasis effect.
You can dig through walls and to a lower floor.
Your four strong arms can wield two-handed weapons with a shield.
You have a pair of large antennae on your head (SInv).
You are surrounded by a mild repulsion field (EV +2).
You are partially covered in molten scales (AC +1).
You are clumsy. (Dex -2)
You are frail (-10% HP).


Message History

Joseph shoots a sling bullet.
The sling bullet hits you. The sling bullet freezes you.
You see here a sling bullet.
Joseph unwields an uncursed hunting sling of freezing.
Joseph wields an uncursed quarterstaff of distortion.
Its appearance distorts for a moment.
You block Joseph's attack.
You hit Joseph but do no damage.
Joseph hits you with an uncursed quarterstaff of distortion!
Space bends around you.
You slash Joseph!
Joseph is lightly wounded.
Joseph hits you but does no damage. Space warps horribly around you!
* * * LOW HITPOINT WARNING * * *
You hit Joseph but do no damage.
Joseph is lightly wounded.
Joseph hits you but does no damage.
You feel a strange sense of stasis.
You gain the combat prowess of a mighty hero.
You feel slightly more hungry.
Joseph hits you with an uncursed quarterstaff of distortion!
You die...

................#.#.#.#........>.
................#...#............
#######.........#...#............
#....#.##...................
#....#.####....#.#......####
#....#..#........#.#....#
#......<.(#............#
#.........(............#
#....####..@.##.......##
#....#.....@.##.......#
#....#.......#........# #...
#.....[...###.#### ####
#(......### #..# #.......# .....
#.......# ....<. ######### #.....
#...


You could see Joseph.

Vanquished Creatures
  Grinder (D:6)
  3 orc warriors (D:6)
  2 sky beasts
  3 ice beasts
  5 ogres
  3 giant frogs
  A howler monkey (D:4)
  A crimson imp (D:7)
  A quasit (D:6)
  A jelly (D:6)
  A hound (D:5)
  5 orc wizards
  3 orc priests
  A giant frog skeleton (D:5)
  Natasha (twice) (D:3)
  A killer bee zombie (D:7)
  Robin (D:3)
  8 gnolls
  6 adders
  2 oozes
  3 worms
  A dart slug (D:2)
  2 giant geckos
  28 orcs
  2 ball pythons (D:4)
  6 giant cockroaches
  20 goblins
  11 hobgoblins
  18 jackals
  A quokka (D:2)
  7 bats
  6 giant newts
  7 kobolds
  A quokka skeleton (D:6)
  4 rats
168 creatures vanquished.

Notes
Turn   | Place    | Note
--------------------------------------------------------------
     0 | D:1      | George the Formicid Fighter began the quest for the Orb.
     0 | D:1      | Reached XP level 1. HP: 18/18 MP: 1/1
   629 | D:1      | Reached XP level 2. HP: 17/24 MP: 2/2
   884 | D:1      | Reached XP level 3. HP: 29/29 MP: 3/3
  1155 | D:2      | Reached XP level 4. HP: 37/37 MP: 4/4
  2074 | D:2      | Reached XP level 5. HP: 33/42 MP: 5/5
  2357 | D:3      | Noticed an ice beast
  2367 | D:3      | Killed an ice beast
  2367 | D:3      | Reached skill level 5 in Shields
  2367 | D:3      | Reached XP level 6. HP: 42/49 MP: 6/6
  2460 | D:3      | Found a blossoming altar of Fedhas.
  2638 | D:3      | Noticed Robin
  2707 | D:3      | Killed Robin
  2963 | D:3      | Noticed Natasha
  2979 | D:3      | Killed Natasha
  3145 | D:3      | Noticed Natasha
  3151 | D:3      | Killed Natasha
  3151 | D:3      | Reached XP level 7. HP: 49/55 MP: 7/7
  3249 | D:3      | Found a burning altar of Makhleb.
  3514 | D:4      | Reached skill level 5 in Armour
  3678 | D:4      | Reached skill level 5 in Fighting
  3959 | D:4      | Found Keapsaz's Serpentskin Sales.
  4009 | D:4      | Found a staircase to the Ecumenical Temple.
  4232 | Temple   | Entered the Ecumenical Temple
  4307 | Temple   | Became a worshipper of Warmaster Okawaru
  4484 | D:5      | Entered Level 5 of the Dungeon
  4532 | D:5      | Found Geoku's Distillery.
  4576 | D:5      | Found a white marble altar of Elyvilon.
  4650 | D:5      | Reached skill level 1 in Invocations
  4657 | D:5      | Found Yserhar's Antique Armour Emporium.
  4683 | D:5      | Reached XP level 8. HP: 30/63 MP: 7/9
  5089 | D:5      | Found Horiamni's Assorted Antiques.
  5149 | D:5      | Found a sacrificial altar of Ru.
  5234 | D:5      | Found Osyhar's Magic Scroll Boutique.
  5493 | D:5      | Gained mutation: You are frail (-10% HP). [mutagenic meat]
  5494 | D:5      | Gained mutation: You are clumsy. (Dex -2) [mutagenic meat]
  5495 | D:5      | Gained mutation: You are partially covered in molten scales (AC +1). [mutagenic meat]
  5506 | D:6      | Noticed Grinder
  5543 | D:6      | Killed Grinder
  5543 | D:6      | Reached skill level 5 in Long Blades
  5618 | D:6      | Reached * piety under Okawaru
  5820 | D:6      | Reached XP level 9. HP: 26/63 MP: 11/11
  6414 | D:6      | HP: 1/63 [orc warrior/trident (6)]
  6421 | D:6      | HP: 1/63 [orc wizard/dagger (1)]
  6484 | D:6      | Gained mutation: You are surrounded by a mild repulsion field (EV +2). [mutagenic meat]
  6486 | D:6      | Gained mutation: You are weak. (Str -2) [mutagenic meat]
  6487 | D:6      | Lost mutation: You are weak. (Str -2) [mutagenic meat]
  6809 | D:7      | Reached ** piety under Okawaru
  6920 | D:7      | Noticed Joseph
  7486 | D:7      | Cast into level 2 of the Abyss (Joseph)
  7520 | D:7      | Escaped the Abyss
  7526 | D:7      | Slain by Joseph

Vault maps used:
D:1:      denvon_arrival_planthouse
D:2:      minmay_goblin_outpost
D:3:      marbit_many_paths, first_bread, fedhas_altar_2, uniq_natasha,
          uniq_robin
D:4:      minmay_temple_entry_fiery, serial_bayou, serial_bayou_pond_a,
          serial_bayou_ford_a, serial_bayou_shore_b, serial_bayou_pond_b,
          guppyfry_shop_venom
D:5:      elyvilon_altar_3, serial_shops, shop, kennysheep_little_box,
          kennysheep_mini_moat, nicolae_shop_overgrown_old_shop,
          nicolae_ru_the_path_less_chosen
D:6:      minmay_misc_feat_tower, mumra_transporter_accident, uniq_grinder
D:7:      zin_scriptorium, gammafunk_temple_overflow_wave, lemuel_round_altar,
          uniq_joseph, uniq_pikel
Temple:   chambers_temple_12

Skill      XL: |  1  2  3  4  5  6  7  8  9 |
---------------+----------------------------+-----
Shields        | 4 5 6 7 |  7.9
Armour         | 4 5 6 7 |  7.1
Fighting       | 4 5 6 7 |  7.1
Long Blades    | 3 4 5 6 |  6.1
Invocations    | 1 3 4 |  4.8

Action                   |  1- 3 |  4- 6 |  7- 9 || total
-------------------------+-------+-------+-------++-------
Melee: Long sword        |    81 |   269 |   431 ||   781
Invok: Heroism           |       |       |     1 ||     1
 Abil: Dig               |       |     2 |     6 ||     8
  Use: Scroll            |       |       |    16 ||    16
  Eat: Chunk             |     1 |     7 |    24 ||    32
Armor: Scale mail        |    36 |    48 |       ||    84
       Chain mail        |       |    39 |    87 ||   126
       Plate armour      |       |       |   103 ||   103
Dodge: Dodged            |    40 |   110 |   167 ||   317
Block: Shield            |    65 |   166 |   273 ||   504
